 Dungeon Sprint DCSS version 0.31-a0-801-gc67433417a (webtiles) character file.

Game seed: 2776530923153645286

4872 Revguard the Blocker (level 10, 0/87 HPs)
             Began as a Formicid Fighter on Sept 20, 2023.
             Was a High Priest of Okawaru.
             Slain by a vault guard
             ... wielding a +0 dire flail
              (22 damage)
             ... in the Dungeon (Sprint V: "Ziggurat Sprint").
             The game lasted 00:06:02 (890 turns).

Revguard the Blocker (Formicid Fighter)              Turns: 890, Time: 00:06:03

Health: 0/87       AC: 35    Str: 29    XL:     10   Next: 79%
Magic:  13/18      EV:  9    Int:  8    God:    Okawaru [*****.]
Gold:   0          SH: 32    Dex: 15    Spells: 9/9 levels left

rFire   + + +        A - +8 lance "Wyrmbane" {slay drac, rPois rF+ rC+ AC+3}
rCold   + . .        y - +18 shield of the Gong {Loud rN+ Will+ rCorr EV-5}
rNeg    + . .        z - +15 Maxwell's patent armour {-Cast -Tele rElec Will+ rCorr}
rPois   +            (helmet unavailable)
rElec   +            (no cloak)
rCorr   +            (no gloves)
SInv    +            (no boots)
Will    +++..        (no amulet) Stlth
                     v - +6 ring of strength
HPRegen 0.34/turn    C - ring of Ridweum {rF++ rCorr}
MPRegen 0.16/turn

%: no spellcasting
@: mighty, heroic, marked, studying 2 skills, invisible
A: permanent stasis, dig shafts and tunnels, antennae 3, four strong arms
a: Dig, Renounce Religion, Heroism, Finesse


You were in the Dungeon.
You worshipped Okawaru.
Okawaru was extremely pleased with you.
You visited 1 branch

Inventory:

Hand Weapons
 a - a +0 trident
 A - the +8 lance "Wyrmbane" (weapon) {slay drac, rPois rF+ rC+ AC+3}
   (You found it in the Dungeon)

   AC+3:      It affects your AC (+3).
   rF+:       It protects you from fire.
   rC+:       It protects you from cold.
   rPois:     It protects you from poison
Armour
 b - a +0 scale mail
 c - a +0 buckler
 y - the +18 shield of the Gong (worn) {Loud rN+ Will+ rCorr EV-5}
   (You found it in the Dungeon)

   Loud:      It is deafeningly noisy when blocking attacks.
   EV-5:      It affects your evasion (-5).
   rN+:       It protects you from negative energy.
   Will+:     It increases your willpower.
   rCorr:     It protects you from acid and corrosion.
 z - the +15 Maxwell's patent armour (worn) {-Cast -Tele rElec Will+ rCorr}
   (You found it in the Dungeon)

   rElec:     It insulates you from electricity.
   Will+:     It increases your willpower.
   -Cast:     It prevents spellcasting.
   -Tele:     It prevents most forms of teleportation.
   rCorr:     It protects you from acid and corrosion.
Jewellery
 p - a ring of flight
 q - a +6 ring of dexterity
 r - a +6 ring of dexterity
 s - a +6 ring of intelligence
 t - a +6 ring of intelligence
 u - a +6 ring of strength
 v - a +6 ring of strength (left hand)
 C - the ring of Ridweum (right hand) {rF++ rCorr}
   (You found it in the Dungeon)

   [ring of resist corrosion]

   rF++:      It greatly protects you from fire.
   rCorr:     It protects you from acid and corrosion.
 D - a ring of willpower
 E - a +6 ring of dexterity
Wands
 k - a wand of roots (11)
 w - a wand of mindburst (6)
 x - a wand of light (6)
Scrolls
 l - 4 scrolls of amnesia
 m - 7 scrolls of fog
 n - 5 scrolls of identify
 o - 2 scrolls of fear
 B - a scroll of brand weapon
Potions
 d - 5 potions of might
 e - 10 potions of curing
 f - 8 potions of heal wounds
 g - 7 potions of magic
 h - 2 potions of brilliance
 i - a potion of invisibility
 j - 4 potions of resistance


   Skills:
 + Level 11.1(16.1) Fighting
 + Level 9.9(14.9) Polearms
 + Level 11.2(16.2) Armour
 + Level 8.5(13.5) Dodging
 + Level 12.7(17.7) Shields
 + Level 11.0 Invocations
 + Level 10.2 Evocations


You had 9 spell levels left.
You didn't know any spells.
Your spell library contained the following spells:

 Spells                   Type           Power      Damage    Failure   Level
 Shock                    Conj/Air       0%         1d3       96%         1
 Cigotuvi's Dreadful Rot  Necr/Pois/Air  0%         N/A       99%         2
 Hailstorm                Conj/Ice       0%         3d3       100%        3
 Ignite Poison            Fire/Tmut/Pois 0%         N/A       100%        3
 Airstrike                Air            0%         2d(0-16)  100%        4
 Leda's Liquefaction      Hex/Erth       0%         N/A       100%        4
 Freezing Cloud           Conj/Ice/Air   0%         6-21      100%        5
 Lee's Rapid Deconstruct  Erth           0%         3d4*      100%        5
 Leda's Unmaking          Conj/Erth      0%         9d1       100%        6
 Swiftness                Air            Unusable   N/A       N/A         3
 Summon Ice Beast         Ice/Summ       Unusable   N/A       N/A         4
 Simulacrum               Ice/Necr       Unusable   N/A       N/A         6

Dungeon Overview and Level Annotations

Branches:
Dungeon (1/1)

Altars:
Ashenzari
Cheibriados
Dithmenos
Elyvilon
Fedhas
Gozag
Hepliaklqana
Kikubaaqudgha
Makhleb
Nemelex Xobeh
Okawaru
Qazlal
Ru
Sif Muna
Trog
Uskayaw
Vehumet
Wu Jian
Xom
Yredelemnul
Zin
The Shining One
Jiyva
Lugonu

Annotations:
D 1 transporter


Innate Abilities, Weirdness & Mutations

You cannot be hasted, slowed, berserked, paralysed or teleported.
You can dig through walls and to a lower floor.
You have a pair of large antennae on your head. (SInv)
Your four strong arms can wield two-handed weapons with a shield.


Message History

You block the vault guard's attack.
PTOANNNG!
The yaktaur captain shoots a bolt.
The bolt hits the vault guard!!!
The vault guard dies!
The vault sentinel blows a loud note on a signal horn! x2
The vault guard hits you with a +0 dire flail!
The yaktaur captain unwields a +0 arbalest.
You block the yaktaur captain's attack.
GONNNNG!
Things that are here:
a +0 battleaxe; a +0 chain mail of willpower; a human corpse You barely miss the vault sentinel.
The vault sentinel is severely wounded.
You block the vault sentinel's attack.
GONNNNG!
You block the yaktaur captain's attack.
GONNNNG!
Unknown command.
You puncture the great orb of eyes!
The great orb of eyes is almost dead.
You block the vault guard's attack.
PANG!
The vault sentinel hits you with a +0 war axe!
* * * LOW HITPOINT WARNING * * *
Unknown command.
You impale the great orb of eyes!!
You kill the great orb of eyes!
Okawaru is honoured by your kill. You block the yaktaur captain's attack.
GONNNNG!
Your Fighting skill increases to level 11!
Your Armour skill increases to level 11!
Your Invocations skill increases to level 11!
Your Evocations skill increases to level 10!
You gain the combat prowess of a mighty hero.
The vault sentinel gestures at you while chanting.
You resist with significant effort.
The vault sentinel blows a loud note on a signal horn!
The vault guard hits you with a +0 dire flail!!
You die...

▓▓▓▓▓▓▓▓▓▓▓▓▓▓▓▓▓▓▓
▓...8©8...▓..8©8..▓
▓..[[[=)..▓..|.)..▓
▓...|:)...▓..|.)..▓
▓.........▓.......▓
▓.........▓.......▓
▓.........▓.......▓
▓.......cp▓.......▓
▓.▓.....▓@▓.......▓
▓....©.p)p▓...©...▓
▓▓▓▓▓▓▓▓▓▓▓▓▓▓▓▓▓▓▓


{{{{{ {{{{{ {{{{{ {{{{ You could see a yaktaur captain (unable to see you), a
vault guard (strong) and 2 vault sentinels.

Vanquished Creatures
  A great orb of eyes (D)
  An ironbound convoker (D)
  2 black mambas (D)
  A smoke demon (D)
  3 naga magi (D)
  An ancient zyme (D)
  A tarantella (D)
  A jumping spider (D)
  A flying skull (D)
  2 water moccasins (D)
  3 nagas (D)
  A large abomination (D)
  2 black bears (D)
  3 wolves (D)
  2 scorpions (D)
  2 quasits (D)
  2 orc wizards (D)
  2 mummies (D)
  2 adders (D)
  An ufetubus (D)
  2 orcs (D)
  3 ball pythons (D)
39 creatures vanquished.

Vanquished Creatures (others)
  A vault guard (D)
1 creature vanquished.

Grand Total: 40 creatures vanquished

Notes
Turn   | Place    | Note
-------+----------+-------------------------------------------
     0 | D        | Revguard the Formicid Fighter began the quest for the Orb.
     0 | D        | Reached XP level 1. HP: 18/18 MP: 1/1
     0 | D        | Found a blossoming altar of Fedhas.
     0 | D        | Found the +6 Majin-Bo {spellvamp, MP+6 Int+6}
     0 | D        | Found the +27 heavy crossbow "Sniper" {heavy, Acc+∞ SInv}
     0 | D        | Found the +10 dark maul {heavy}
     0 | D        | Found the +15 Maxwell's patent armour {-Cast -Tele rElec
                  | Will+ rCorr}
     0 | D        | Found the +18 shield of the Gong {Loud rN+ Will+ rCorr
                  | EV-5}
     0 | D        | Found the +16 obsidian axe {drain, demonic, Mesm Drain Fly
                  | SInv}
     0 | D        | Found the +7 great mace "Firestarter" {flame, immolate,
                  | rFlCloud rF++}
     0 | D        | Found the +6 shillelagh "Devastator" {shatter}
     0 | D        | Found the +11 plutonium sword {Contam Stlth-}
     0 | D        | Found the +8 lance "Wyrmbane" {slay drac, rPois rF+ rC+
                  | AC+3}
     0 | D        | Found the +9 sword of Zonguldrok {reap}
     0 | D        | Found the +13 scythe of Curses {drain, curses, Drain}
     0 | D        | Found the +9 sword of Power {lifebolt}
     0 | D        | Found the +7 mace of Variability {chaos, chaos arc}
     0 | D        | Found the +11 Singing Sword {sonic wave}
     0 | D        | Found the +8 storm bow {elec, penet}
     1 | D        | Found a shimmering blue altar of Sif Muna.
     1 | D        | Found a sacrificial altar of Ru.
     1 | D        | Found a bloodstained altar of Trog.
     1 | D        | Found a stormy altar of Qazlal.
     1 | D        | Found an iron altar of Okawaru.
     1 | D        | Found a sparkling altar of Nemelex Xobeh.
     3 | D        | Found a transporter.
     3 | D        | Found an ancient bone altar of Kikubaaqudgha.
     3 | D        | Found a viscous altar of Jiyva.
     3 | D        | Found a corrupted altar of Lugonu.
     3 | D        | Found a hazy altar of Hepliaklqana.
     3 | D        | Found a burning altar of Makhleb.
     3 | D        | Found an opulent altar of Gozag.
    51 | D        | Became a worshipper of Warmaster Okawaru
    65 | D        | Reached skill level 5 in Shields
    65 | D        | Reached XP level 2. HP: 26/26 MP: 1/4
    67 | D        | Entered arena 2.
    67 | D        | Noticed a water moccasin
    67 | D        | Found a transporter.
    71 | D        | Killed a water moccasin
    71 | D        | Reached * piety under Okawaru
    72 | D        | Reached skill level 5 in Fighting
    72 | D        | Reached skill level 5 in Armour
    72 | D        | Reached skill level 6 in Shields
    72 | D        | Reached XP level 3. HP: 32/33 MP: 1/6
    72 | D        | Reached XP level 4. HP: 38/39 MP: 1/7
    72 | D        | Reached XP level 5. HP: 44/45 MP: 1/8
    82 | D        | Entered arena 3.
    82 | D        | Noticed a flying skull
    82 | D        | Found a transporter.
    86 | D        | Killed a flying skull
    86 | D        | Reached ** piety under Okawaru
    87 | D        | Reached skill level 5 in Polearms
    87 | D        | Reached skill level 7 in Shields
    87 | D        | Reached skill level 5 in Invocations
    87 | D        | Reached skill level 5 in Evocations
    87 | D        | Reached XP level 6. HP: 53/53 MP: 3/10
    96 | D        | Got the ring of Ridweum {rF++ rCorr}
   101 | D        | Entered arena 4.
   101 | D        | Found a transporter.
   107 | D        | Reached skill level 8 in Shields
   123 | D        | Entered arena 5.
   123 | D        | Noticed a jumping spider
   123 | D        | Noticed a tarantella
   123 | D        | Found a transporter.
   130 | D        | Killed a tarantella
   131 | D        | Reached skill level 5 in Dodging
   131 | D        | Reached XP level 7. HP: 60/60 MP: 8/12
   138 | D        | Reached *** piety under Okawaru
   139 | D        | Reached skill level 9 in Shields
   153 | D        | Killed a jumping spider
   153 | D        | Received a gift from Okawaru
   154 | D        | Reached XP level 8. HP: 62/68 MP: 10/13
   164 | D        | Entered arena 6.
   164 | D        | Found a transporter.
   188 | D        | Reached skill level 10 in Shields
   194 | D        | Entered arena 7.
   194 | D        | Noticed a naga mage
   194 | D        | Noticed a naga mage
   195 | D        | Found a transporter.
   207 | D        | Killed a naga mage
   207 | D        | Reached **** piety under Okawaru
   208 | D        | Reached XP level 9. HP: 43/75 MP: 15/15
   214 | D        | Killed a naga mage
   385 | D        | Entered arena 8.
   385 | D        | Noticed a smoke demon
   385 | D        | Noticed an ancient zyme
   386 | D        | Found a transporter.
   389 | D        | Killed an ancient zyme
   390 | D        | Reached skill level 11 in Shields
   397 | D        | Killed a smoke demon
   402 | D        | Reached ***** piety under Okawaru
   512 | D        | Entered arena 9.
   512 | D        | Noticed a black mamba
   512 | D        | Noticed a black mamba
   512 | D        | Noticed a naga mage
   513 | D        | Found a transporter.
   520 | D        | Killed a black mamba
   521 | D        | Reached skill level 10 in Fighting
   521 | D        | Reached skill level 10 in Invocations
   521 | D        | Reached XP level 10. HP: 76/85 MP: 17/17
   528 | D        | Killed a black mamba
   529 | D        | Reached skill level 10 in Armour
   532 | D        | Killed a naga mage
   533 | D        | Reached skill level 12 in Shields
   847 | D        | Entered arena 10.
   847 | D        | Found the +10 Black Knight's barding {ponderous, rPois rN+}
   847 | D        | Noticed an ironbound convoker
   847 | D        | Noticed a great orb of eyes
   847 | D        | Noticed a vault sentinel
   847 | D        | Noticed a vault guard
   847 | D        | Noticed a vault guard
   847 | D        | Noticed a yaktaur captain
   847 | D        | Noticed a vault sentinel
   847 | D        | Noticed a vault sentinel
   851 | D        | Found a transporter.
   876 | D        | Killed an ironbound convoker
   885 | D        | Killed a vault guard
   889 | D        | Killed a great orb of eyes
   890 | D        | Reached skill level 10 in Evocations
   890 | D        | Slain by a vault guard

Illustrated notes

Levels and vault maps discovered:
D:        sprint_v [room_start, room_1, room_2, room_3, room_4, room_5, room_6,
          room_7, room_8, room_9, room_10, room_11, room_12, room_13, room_14,
          room_15, room_16, room_17, room_18, room_19, room_20, room_21,
          room_22, room_23, room_24, room_25, room_26, room_27]

Skill      XL: |  1  2  3  4  5  6  7  8  9 10 |
---------------+-------------------------------+-----
Fighting       | 4 5 6 7 8 10 11 | 11.1
Polearms       | 3 4 5 6 7 9 |  9.9
Armour         | 4 5 6 7 8 9 11 | 11.2
Dodging        | 2 3 4 5 6 7 8 |  8.5
Shields        | 5 6 7 8 9 10 11 12 | 12.7
Invocations    | 3 4 5 6 7 8 10 11 | 11.0
Evocations     | 2 4 5 6 7 9 10 | 10.2

Action                     |  1- 3 |  4- 6 |  7- 9 | 10-12 || total
---------------------------+-------+-------+-------+-------++-------
  Melee: Lance             |     4 |    24 |    80 |    55 ||   163
 Invoke: Heroism           |       |       |       |     1 ||     1
  Evoke: Wand              |       |       |     3 |       ||     3
    Use: Potion            |     1 |       |       |     4 ||     5
   Stab: Invisible         |       |       |     2 |       ||     2
 Armour: Plate armour      |     3 |     4 |    46 |    41 ||    94
  Dodge: Dodged            |       |       |    11 |     7 ||    18
  Block: Kite shield       |     5 |    27 |   146 |    98 ||   276

Table legend: (Time is in decaauts)
 A = Elapsed time spent in this place.
 B = Non-inter-level travel time spent in this place.
 C = Inter-level travel time spent in this place.
 D = Time resting spent in this place.
 E = Time spent auto-exploring this place.
 F = Levels seen in this place.
 G = Mean time per level.
                   A        B        C        D        E       F      G
               +--------+--------+--------+--------+--------+-----+--------+
         Total |    851 |    851 |      0 |    531 |      0 |   1 |  851.0 |
       Dungeon |    851 |    851 |      0 |    531 |      0 |   1 |  851.0 |
               +--------+--------+--------+--------+--------+-----+--------+

Top non-repeatable levels by time:
       D: 851 daAuts
